 Dungeon Crawl Stone Soup version 0.29-a0-330-g52719c12eb (webtiles) character file.

Game seed: 4921783778842620560

45 sking99 the Bolt Thrower (level 3, 0/20 HPs)
             Began as a Kobold Arcane Marksman on May 18, 2022.
             Slain by a gnoll
             ... wielding a +0 flail
              (9 damage)
             ... on level 2 of the Dungeon.
             The game lasted 00:02:53 (1631 turns).

sking99 the Bolt Thrower (Kobold Arcane Marksman)   Turns: 1631, Time: 00:02:53

Health: 0/20       AC:  4    Str:  7    XL:     3   Next: 90%
Magic:  4/5        EV: 14    Int: 14    God:
Gold:   113        SH:  0    Dex: 17    Spells: 0/4 levels left

rFire   . . .      SeeInvis .   a - +0 hand crossbow
rCold   + . .      Faith    .   (no shield)
rNeg    . . .      Spirit   .   n - +1 leather armour {rPois}
rPois   +          Reflect  .   (no helmet)
rElec   .          Harm     .   (no cloak)
rCorr   .          Rampage  .   (no gloves)
Will    .....                   (no boots)
Stlth   ++........              (no amulet)
HPRegen 0.06/turn               d - ring of poison resistance
MPRegen 0.09/turn               b - ring of protection from cold

@: no status effects
A: small, no large weapons, nightstalker 3
a: no special abilities


You were on level 2 of the Dungeon.
You visited 1 branch of the dungeon, and saw 2 of its levels.

You collected 113 gold pieces.

Inventory:

Hand Weapons
 a - a +0 hand crossbow (weapon)
Armour
 n - a +1 leather armour of poison resistance (worn)
Jewellery
 b - a ring of protection from cold (right hand)
 d - a ring of poison resistance (left hand)
Scrolls
 c - a scroll of vulnerability
 f - a scroll of teleportation {unknown}
 i - a scroll of identify {unknown}
 j - 3 scrolls of magic mapping {unknown}
Potions
 e - a potion of curing {unknown}
 g - a potion of cancellation {unknown}
 h - 2 potions of berserk rage {unknown}
 k - a potion of heal wounds {unknown}
 l - a potion of mutation {unknown}
 m - a potion of might {unknown}


   Skills:
 - Level 1.5 Fighting
 + Level 3.6 Crossbows
 - Level 2.8 Dodging
 + Level 1.4 Spellcasting
 * Level 3.4 Hexes
 + Level 0.4 Fire Magic


You couldn't memorise any spells.
You knew the following spells:

 Your Spells              Type           Power      Damage    Failure   Level
a - Slow                  Hex            40%        N/A       10%         1
b - Inner Flame           Hex/Fire       6%         N/A       45%         3

Your spell library contained the following spells:

 Spells                   Type           Power      Damage    Failure   Level
 Portal Projectile        Hex/Tloc       10%        N/A       50%         3
 Cause Fear               Hex            5%         N/A       67%         4


Dungeon Overview and Level Annotations

Branches:
Dungeon (2/15)

Altars:


Innate Abilities, Weirdness & Mutations

You are small and have problems with some larger weapons.
You are completely attuned to the shadows.


Message History

Casting: Slow (safe; 10% risk of failure)
Confirm with . or Enter, or press ? or * to list all spells.
Aiming: Slow (safe; 10% risk of failure)
Press: ? - help, Shift-Dir - straight line, f - gnoll
Aim: a gnoll, wielding a +0 spear (chance to affect: 57%)
The gnoll seems to slow down.
You shoot a bolt. The bolt hits the gnoll!
The gnoll is almost dead.
You shoot a bolt. The bolt closely misses the gnoll.
The bolt hits the gnoll.
The gnoll is lightly wounded.
You shoot a bolt. The bolt hits the gnoll.
You kill the gnoll!
You shoot a bolt. The bolt barely misses the gnoll.
The gnoll closely misses you.
You shoot a bolt. The bolt closely misses the gnoll.
The gnoll barely misses you. The gnoll closely misses you.
You shoot a bolt. The bolt closely misses the gnoll.
The gnoll misses you.
You shoot a bolt. The bolt hits the gnoll.
The gnoll is moderately wounded.
The gnoll hits you but does no damage.
You shoot a bolt.
The bolt hits the gnoll but does no damage.
The gnoll is moderately wounded.
The gnoll hits you but does no damage. The gnoll hits you with a +0 flail!
You are too injured to fight recklessly!
You are too injured to fight recklessly!
Shoot: a) +0 hand crossbow
Press: ? - help, Q - select action, (/) - cycle Shift-Dir - straight line, f/p - gnoll
Aim: a gnoll, wielding a +0 flail (moderately wounded, 65% to hit)
You shoot a bolt. The bolt hits the gnoll.
The gnoll is severely wounded.
The gnoll closely misses you.
Shoot: a) +0 hand crossbow
Press: ? - help, Q - select action, (/) - cycle Shift-Dir - straight line, f/p - gnoll
Aim: a gnoll, wielding a +0 flail (heavily wounded, 65% to hit)
You shoot a bolt.
The bolt hits the gnoll but does no damage.
The gnoll is heavily wounded.
The gnoll hits you with a +0 flail!
You die...

#.# #....# #<. #.# #.##.# #.. #g#
#.##.#####.. #.# ..##.......)
###.# ########.###. #
#...###...####..### #
#.)##.......##...# #
#.g.....8...8#..### ########
#^@.8....).._#..... .......#
###....)..8)..8#.####
######.######.#..##.......##.#
.#####.....#......###...####.####
.......###......#.# #######......
.#.....# #.#.#.##.# #....####
##.###.###.##..# # ##.#.##
##.###.....###.# ###....#
#......#.### #.# ....#..#


You could see a gnoll.

Vanquished Creatures
  A gnoll (D:2)
  A dart slug (D:1)
  3 endoplasms
  7 goblins
  4 hobgoblins
  5 kobolds
  A quokka (D:2)
  A ball python (D:1)
  3 bats (D:1)
  A frilled lizard (D:1)
  2 rats (D:1)
29 creatures vanquished.

Notes
Turn   | Place    | Note
-------+----------+-------------------------------------------
     0 | D:1      | sking99 the Kobold Arcane Marksman began the quest for the
                  | Orb.
     0 | D:1      | Reached XP level 1. HP: 12/12 MP: 2/2
   190 | D:1      | Reached XP level 2. HP: 13/16 MP: 3/3
   692 | D:1      | Reached XP level 3. HP: 20/20 MP: 4/4
   708 | D:1      | Learned a level 3 spell: Inner Flame
  1569 | D:2      | Found a faded altar of an unknown god.
  1631 | D:2      | Slain by a gnoll

Illustrated notes

Levels and vault maps discovered:
D:1:      lightli_arrival_flooded_house, layout_loops_ring
D:2:      layout_loops_ring, hellmonk_ecumenical_altar_prayer_group

Skill      XL: |  1 |
---------------+----+-----
Crossbows      | 3 |  3.6
Fighting       | |  1.5
Dodging        | |  2.8
Spellcasting   | |  1.4
Hexes          | |  3.4
Fire Magic     | |  0.4

Action                   || total
-------------------------++-------
 Fire: Hand crossbow     ||    87
 Cast: Slow              ||     4
Armor: Robe              ||     3
       Leather armour    ||     6
Dodge: Dodged            ||    35

Table legend: (Time is in decaauts)
 A = Elapsed time spent in this place.
 B = Non-inter-level travel time spent in this place.
 C = Inter-level travel time spent in this place.
 D = Time resting spent in this place.
 E = Time spent auto-exploring this place.
 F = Levels seen in this place.
 G = Mean time per level.
                   A        B        C        D        E       F      G
               +--------+--------+--------+--------+--------+-----+--------+
         Total |   1660 |   1640 |     20 |    385 |    937 |   2 |  830.0 |
       Dungeon |   1660 |   1640 |     20 |    385 |    937 |   2 |  830.0 |
               +--------+--------+--------+--------+--------+-----+--------+

Top non-repeatable levels by time:
     D:1: 1278 daAuts
     D:2: 382 daAuts
